 Dungeon Crawl Stone Soup version 0.28-a0-667-g162e43154e (webtiles) character file.

Game seed: 13390512932337951117

719 nordan the Sneak (level 7, 0/32 HPs)
             Began as a Spriggan Enchanter on Oct 17, 2021.
             Slain by Menkaure (23 damage)
             ... on level 5 of the Dungeon.
             The game lasted 00:13:50 (6753 turns).

nordan the Sneak (Spriggan Enchanter)               Turns: 6753, Time: 00:13:50

Health: 0/32       AC:  2    Str:  6    XL:     7   Next: 42%
Magic:  18/18      EV: 17    Int: 17    God:
Gold:   51         SH:  0    Dex: 15    Spells: 11/19 levels left

rFire   . . .      SeeInvis +   e - +0 dagger (holy)
rCold   . . .      Faith    .   (shield restricted)
rNeg    . . .      Spirit   .   b - +1 robe
rPois   +          Reflect  .   (helmet restricted)
rElec   .          Harm     .   (no cloak)
rCorr   .          Rampage  .   (gloves unavailable)
Will    +....                   (boots unavailable)
Stlth   ++++......              (no amulet)
HPRegen 0.10/turn               (no ring)
MPRegen 0.16/turn               (no ring)

@: very quick
A: very small, no large weapons, unfitting armour, see invisible, speed 3,
talons 1, deformed body, poison resistance
a: no special abilities


You were on level 5 of the Dungeon.
You visited 1 branch of the dungeon, and saw 5 of its levels.
You also visited: Ossuary.

You collected 141 gold pieces.
You spent 90 gold pieces at shops.

Inventory:

Hand Weapons
 a - a +1 dagger
 c - a +4 dagger
 e - a +0 dagger of holy wrath (weapon)
Missiles
 f - 10 poisoned darts (quivered)
Armour
 b - a +1 robe (worn)
Wands
 d - a wand of flame (1)
Scrolls
 m - a scroll of magic mapping
Potions
 g - a potion of cancellation {unknown}
 h - 3 potions of heal wounds {unknown}
 i - 2 potions of flight {unknown}
 j - 2 potions of haste {unknown}
 k - a potion of attraction {unknown}
 l - 2 potions of curing


   Skills:
 - Level 1.1 Short Blades
 - Level 2.6 Dodging
 + Level 7.3 Stealth
 + Level 6.7 Spellcasting
 + Level 7.2 Hexes


You had 11 spell levels left.
You knew the following spells:

 Your Spells              Type           Power      Damage    Failure   Level
a - Ensorcelled Hibernat  Hex/Ice        36%        N/A       4%          2
b - Tukima's Dance        Hex            30%        N/A       1%          3
c - Dazzling Flash        Conj/Hex       36%        N/A       9%          3

Your spell library contained the following spells:

 Spells                   Type           Power      Damage    Failure   Level
 Slow                     Hex            30%        N/A       1%          2
 Confusing Touch          Hex            30%        N/A       1%          3
 Spider Form              Tmut/Pois      2%         N/A       34%         3
 Yara's Violent Unravell  Hex/Tmut       9%         3d6       58%         5


Dungeon Overview and Level Annotations

Branches:
Dungeon (5/15)            Ossuary (visited)
 Temple: D:4-7

Altars:
Zin

Annotations:
D:5 Menkaure


Innate Abilities, Weirdness & Mutations

You are very small and have problems with some larger weapons.
You are too small for most types of armour.
You have supernaturally acute eyesight. (SInv)
You cover ground extremely quickly. (Speed+++)
You have sharp toenails.
Armour fits poorly on your strangely shaped body.
Your system is resistant to poisons. (rPois)


Message History

You start resting.
HP restored.
Your +0 dagger of holy wrath stops glowing.
c - a +4 dagger (weapon)
Unknown command.
Found a potion of mutation.
You see here a +0 war axe.
You see here 17 stones.
Menkaure shouts!
Menkaure blazes with dark energy!
Menkaure hits you!!
Ouch! That really hurt!
You are too injured to fight recklessly!
You are too injured to fight recklessly!
Unknown command.
You feel better. Menkaure barely misses you.
Casting: Tukima's Dance (safe; 1% risk of failure)
Confirm with . or Enter, or press ? or * to list all spells.
You can't see any susceptible monsters within range! (Use Z to cast anyway.) Unknown command.
Casting: Tukima's Dance (safe; 1% risk of failure)
Confirm with . or Enter, or press ? or * to list all spells.
You can't see any susceptible monsters within range! (Use Z to cast anyway.) Unknown command.
Okay, then.
Your +0 dagger of holy wrath softly glows with a divine radiance!
e - a +0 dagger of holy wrath (weapon)
Unknown command.
Unknown command.
You hit Menkaure but do no damage. Menkaure barely misses you.
Unknown command.
You hit Menkaure.
Menkaure convulses.
You claw Menkaure.
Menkaure is lightly damaged.
Menkaure mumbles some strange words.
Menkaure seems to speed up.
You hit Menkaure but do no damage. You claw Menkaure, but do no damage.
Menkaure is lightly damaged.
Menkaure hits you!!
Ouch! That really hurt!
You die...

.. .# ..# .####
#.##.... # .......
.## ####.....#...#
#....#.......#
#.##.#M).....#
##.##.#@....#
#....(...##.#
#..##.#..##.
#..##.......
#........#####
#)##.##..###.#
#.####...........#
#............)..##
!...###.#.###<##..#


You could see Menkaure (fast).

Vanquished Creatures
  A phantom (D:4)
  A water moccasin skeleton (D:4)
  2 centaur zombies (Ossuary)
  An orc priest (D:4)
  A hound (D:4)
  2 human zombies (Ossuary)
  Terence (D:3)
  4 orc wizards (D:4)
  A scorpion zombie (D:5)
  Natasha (thrice) (D:2)
  2 mummies (Ossuary)
  A hound skeleton (D:4)
  An adder (D:2)
  An adder zombie (Ossuary)
  2 dart slugs
  3 orcs
  7 endoplasms
  5 giant cockroaches
  4 goblins
  8 hobgoblins
  4 jackals (D:3)
  3 quokkas
  6 ball pythons
  6 bats
  3 frilled lizards
  A goblin zombie (Ossuary)
  12 hobgoblin zombies (Ossuary)
  A jackal zombie (Ossuary)
  7 kobolds
  10 kobold zombies (Ossuary)
  5 orc zombies (Ossuary)
  A rat (D:1)
  2 rat zombies (Ossuary)
112 creatures vanquished.

Vanquished Creatures (collateral kills)
  An orc wizard (D:4)
  A gnoll (D:1)
  4 orcs (D:4)
  A hobgoblin (D:4)
  A kobold (D:4)
8 creatures vanquished.

Vanquished Creatures (others)
  A dancing weapon (D:4)
1 creature vanquished.

Grand Total: 121 creatures vanquished

Notes
Turn   | Place    | Note
-------+----------+-------------------------------------------
     0 | D:1      | nordan the Spriggan Enchanter began the quest for the Orb.
     0 | D:1      | Reached XP level 1. HP: 9/9 MP: 5/5
   565 | D:2      | Noticed Natasha
   568 | D:2      | Killed Natasha
   569 | D:2      | Reached XP level 2. HP: 13/13 MP: 5/7
   576 | D:1      | Learned a level 2 spell: Ensorcelled Hibernation
   605 | D:1      | Reached XP level 3. HP: 16/16 MP: 9/9
   610 | D:1      | Learned a level 3 spell: Tukima's Dance
   614 | D:1      | Learned a level 3 spell: Dazzling Flash
  2226 | D:2      | Reached XP level 4. HP: 21/21 MP: 11/11
  2234 | D:2      | Noticed Natasha
  2242 | D:2      | Killed Natasha
  2243 | D:2      | Reached skill level 5 in Hexes
  2800 | D:3      | Noticed Terence
  2805 | D:3      | Killed Terence
  3049 | D:3      | Reached XP level 5. HP: 15/24 MP: 4/13
  3412 | D:3      | Reached skill level 5 in Spellcasting
  3907 | D:2      | Noticed Natasha
  3916 | D:2      | Killed Natasha
  3996 | D:4      | Reached skill level 5 in Stealth
  4019 | D:4      | Gained mutation: Your system is resistant to poisons.
                  | (rPois) [potion of mutation]
  4019 | D:4      | Gained mutation: Armour fits poorly on your strangely
                  | shaped body. [potion of mutation]
  4019 | D:4      | Gained mutation: You have sharp toenails. [potion of
                  | mutation]
  4035 | D:4      | Found a sand-covered staircase.
  4039 | Ossuary  | Entered an ossuary
  4560 | Ossuary  | Reached XP level 6. HP: 11/28 MP: 15/15
  4682 | Ossuary  | HP: 1/28 [human zombie (5)]
  5611 | D:4      | Reached XP level 7. HP: 18/32 MP: 5/17
  5838 | D:4      | Found Zin's Purification Station.
  5839 | D:4      | Found a glowing silver altar of Zin.
  5846 | D:4      | Bought a potion of curing for 90 gold pieces
  6624 | D:5      | Entered Level 5 of the Dungeon
  6626 | D:5      | Noticed Menkaure
  6753 | D:5      | Slain by Menkaure

Illustrated notes

Levels and vault maps discovered:
D:1:      evilmike_arrival_crescent, layout_basic, serial_aquarium,
          aquarium_bridge_straight [aquarium_subvault_bridge,
          aquarium_subvault_balcony, aquarium_subvault_bridge,
          aquarium_subvault_wall], aquarium_bridge_square
          [aquarium_subvault_window, aquarium_subvault_bridge,
          aquarium_subvault_window, aquarium_subvault_wall],
          aquarium_window_corridor_3, aquarium_window_fake,
          aquarium_window_double, aquarium_view_2d
D:2:      layout_rooms, uniq_natasha
D:3:      layout_loops_ring, uniq_terence
D:4:      layout_gridville, zin_purify, nicolae_ossuary_entry_plus,
          chequers_serial_rivers_micro_d
D:5:      layout_loops_cross, serial_shops, shop,
          chequers_serial_rivers_micro_e, uniq_pikel, uniq_ijyb, uniq_menkaure

Skill      XL: |  1  2  3  4  5  6  7 |
---------------+----------------------+-----
Spellcasting   | 3 4 5 6 |  6.7
Hexes          | 4 5 6 7 |  7.2
Stealth        | 5 6 7 |  7.3
Short Blades   | |  1.1
Dodging        | |  2.6

Action                   |  1- 3 |  4- 6 |  7- 9 || total
-------------------------+-------+-------+-------++-------
Melee: Dagger            |    95 |   245 |    45 ||   385
       Kick              |       |    34 |    14 ||    48
 Cast: Ensorcelled Hiber |    16 |    38 |       ||    54
       Tukima's Dance    |     1 |     4 |     6 ||    11
Evoke: Wand              |       |    30 |       ||    30
  Use: Scroll            |       |     5 |     1 ||     6
       Potion            |       |     4 |     1 ||     5
 Stab: Sleeping          |    18 |    29 |     5 ||    52
       Distracted        |       |       |     1 ||     1
Armor: Robe              |     7 |    32 |     4 ||    43
Dodge: Dodged            |    70 |   247 |    39 ||   356

Table legend: (Time is in decaauts)
 A = Elapsed time spent in this place.
 B = Non-inter-level travel time spent in this place.
 C = Inter-level travel time spent in this place.
 D = Time resting spent in this place.
 E = Time spent auto-exploring this place.
 F = Levels seen in this place.
 G = Mean time per level.
                   A        B        C        D        E       F      G
               +--------+--------+--------+--------+--------+-----+--------+
         Total |   5467 |   5377 |     90 |   1723 |   2480 |   6 |  911.2 |
       Dungeon |   4225 |   4135 |     90 |    995 |   2359 |   5 |  845.0 |
       Ossuary |   1241 |   1241 |      0 |    728 |    121 |   1 | 1241.0 |
               +--------+--------+--------+--------+--------+-----+--------+

Top non-repeatable levels by time:
     D:1: 1483 daAuts
 Ossuary: 1241 daAuts
     D:4: 938 daAuts
     D:3: 882 daAuts
     D:2: 805 daAuts
     D:5: 115 daAuts
